 Dungeon Crawl Stone Soup version bcrawl-1.12.1 (webtiles) character file.

Game seed: 18426685581614967989

3 MisterOstroum the Cudgeler (level 1, 20/20 HPs)
             Began as a Gnoll Wanderer on June 30, 2019.
             Quit the game on level 1 of the Dungeon on July 16, 2019.
             The game lasted 00:00:51 (102 turns).

MisterOstroum the Cudgeler (Gnoll Wanderer)          Turns: 102, Time: 00:00:52

Health: 20/20      AC:  9    Str: 17    XL:     1   Next: 50%
Magic:  1/1        EV:  9    Int: 11    God:
Gold:   0          SH:  0    Dex: 14    Spells: 0/0 levels left

rFire    . . .     SeeInvis .   a - +0 mace
rCold    . . .     Gourm    .   (no shield)
rNeg     . . .     Faith    .   b - +2 scale mail
rPois    .         Spirit   .   (no helmet)
rElec    .         Reflect  .   (no cloak)
rCorr    .         Harm     .   (no gloves)
MR       .....                  (no boots)
Stlth    ..........             (no amulet)
HPRegen  0.06/turn              (no ring)
MPRegen  0.07/turn              (no ring)

@: no status effects
A: distributed training, fangs 1, strong nose
a: no special abilities


You were on level 1 of the Dungeon.
You were not hungry.

You visited 1 branch of the dungeon, and saw 1 of its levels.

Inventory:

Hand Weapons
 a - a +0 mace (weapon)
Missiles
 d - 276 stones (quivered)
Armour
 b - a +2 scale mail (worn)
Scrolls
 h - a scroll of enchant weapon {unknown}
Potions
 c - a potion of lignification {@q6}
 f - a potion of mutation {unknown}
Comestibles
 e - 2 rations {!d}
 g - a chunk of flesh


   Skills:
 + Level 4.4 Fighting
 + Level 0.0 Short Blades
 + Level 0.0 Long Blades
 + Level 0.0 Axes
 + Level 6.4 Maces & Flails
 + Level 0.0 Polearms
 + Level 0.0 Staves
 + Level 0.0 Slings
 + Level 0.0 Bows
 + Level 2.3 Crossbows
 + Level 2.3 Throwing
 + Level 4.4 Armour
 + Level 0.0 Dodging
 + Level 0.0 Stealth
 + Level 2.3 Shields
 + Level 0.0 Unarmed Combat
 + Level 0.0 Spellcasting
 + Level 0.0 Conjurations
 + Level 0.0 Hexes
 + Level 0.0 Charms
 + Level 0.0 Summonings
 + Level 0.0 Necromancy
 + Level 0.0 Translocations
 + Level 0.0 Transmutations
 + Level 0.0 Fire Magic
 + Level 0.0 Ice Magic
 + Level 0.0 Air Magic
 + Level 0.0 Earth Magic
 + Level 0.0 Poison Magic
 + Level 0.1 Invocations
 + Level 0.0 Evocations


You couldn't memorise any spells.
You didn't know any spells.
Your spell library was empty.

Dungeon Overview and Level Annotations

Branches:
Dungeon (1/12)

Altars:


Innate Abilities, Weirdness & Mutations

Your experience applies equally to all skills.
You have very sharp teeth.
Your uncanny sense of smell can sniff out nearby items.


Message History

No target in view!
No target in view!
No target in view!
No target in view!
No target in view!
No target in view!
No target in view!
No target in view!
No target in view!
No target in view!
You butcher the leopard gecko corpse.
g - a chunk of flesh You see here a leopard gecko skeleton. x2
A hobgoblin comes into view. It is wielding a -1 club.
The hobgoblin shouts!
A hobgoblin is nearby!
A hobgoblin is nearby!
A hobgoblin is nearby!
Throwing (i - inventory)
d - 283 stones (quivered)
Press: ? - help, Shift-Dir - straight line, f - hobgoblin
Aim: a hobgoblin, wielding a -1 club You throw a stone.
The stone closely misses the hobgoblin.
Throwing (i - inventory)
d - 282 stones (quivered)
Press: ? - help, Shift-Dir - straight line, f/p - hobgoblin
Aim: a hobgoblin, wielding a -1 club You throw a stone.
The stone hits the hobgoblin.
The hobgoblin is moderately wounded.
Throwing (i - inventory)
d - 281 stones (quivered)
Press: ? - help, Shift-Dir - straight line, f/p - hobgoblin
Aim: a hobgoblin, wielding a -1 club (moderately wounded)
You throw a stone.
The stone completely misses the hobgoblin.
Throwing (i - inventory)
d - 280 stones (quivered)
Press: ? - help, Shift-Dir - straight line, f/p - hobgoblin
Aim: a hobgoblin, wielding a -1 club (moderately wounded)
You throw a stone.
The stone hits the hobgoblin but does no damage.
The hobgoblin is moderately wounded.
Throwing (i - inventory)
d - 279 stones (quivered)
Press: ? - help, Shift-Dir - straight line, f/p - hobgoblin
Aim: a hobgoblin, wielding a -1 club (moderately wounded)
You throw a stone. The stone hits the hobgoblin.
The hobgoblin is heavily wounded.
Throwing (i - inventory)
d - 278 stones (quivered)
Press: ? - help, Shift-Dir - straight line, f/p - hobgoblin
Aim: a hobgoblin, wielding a -1 club (heavily wounded)
You throw a stone.
The stone hits the hobgoblin but does no damage.
The hobgoblin is heavily wounded.
You hit the hobgoblin.
You kill the hobgoblin!
No target in view!
No target in view!
No target in view!
No target in view!
No target in view!
No target in view!
No target in view!
No target in view!
No target in view!
No target in view!
No target in view!
No target in view!
No target in view!
No target in view!
No target in view!
No target in view!
No target in view!
No target in view!
No target in view!
No target in view!
No target in view!
No target in view!
You see here a cursed -1 club.
h - a scroll labeled LYIFUI YRETH
e - 2 rations {!d} (gained 1)
A rat comes into view.
A rat is nearby!
Throwing (i - inventory)
d - 277 stones (quivered)
Press: ? - help, Shift-Dir - straight line, f - rat
Aim: a rat You throw a stone.
The stone barely misses the rat.
No target in view!
No target in view!
No target in view!
No target in view!
No target in view!
No target in view!
No target in view!
No target in view!
No target in view!
Are you sure you want to abandon this character and quit the game? (Confirm with "yes".)
Okay, then.
Saving game... please wait.
Welcome back, MisterOstroum the Gnoll Wanderer.
Press ? for a list of commands and other information.
Are you sure you want to abandon this character and quit the game? (Confirm with "yes".)
Okay, then.
Your library has no spells.
Are you sure you want to abandon this character and quit the game? (Confirm with "yes".)

.........#
#####.#..#
#....# ###.##
#####.###
#.......#
#.###.#.# #.#.#
#@# #
#........#
...............
###^.......####
#........#
##.......#
#.......#
#.......#


There were no monsters in sight!

Vanquished Creatures
  A leopard gecko (D:1)
  A hobgoblin (D:1)
2 creatures vanquished.

Notes
Turn   | Place    | Note
-------+----------+-------------------------------------------
     0 | D:1      | MisterOstroum the Gnoll Wanderer began the quest for the
                  | Orb.
     0 | D:1      | MisterOstroum set off with the following items: a +0 mace,
                  | a +2 scale mail, a potion of lignification {@q6}, a ration
                  | {!d}
     0 | D:1      | Reached XP level 1. HP: 20/20 MP: 1/1
   102 | D:1      | Upgraded the game from bcrawl-1.12-11-gb93c957c58 to
                  | bcrawl-1.12.1
   102 | D:1      | Quit the game

Action                   || total
-------------------------++-------
Melee: Mace              ||     3
Throw: Stone             ||    11
Dodge: Dodged            ||     1
